 Dungeon Crawl Stone Soup version 0.28-a0-863-g8cecda6153 (webtiles) character file.

Game seed: 9794748892571692113

54412 jasper the Severer (level 14, -21/123 HPs)
             Began as a Demonspawn Cinder Acolyte on Nov 18, 2021.
             Was an Initiate of Ignis.
             Demolished by a black mamba (28 damage)
             ... on level 6 of the Lair of Beasts.
             The game lasted 00:33:41 (19665 turns).

jasper the Severer (Demonspawn Cinder Acolyte)     Turns: 19665, Time: 00:33:42

Health: -21/123    AC: 18    Str: 14    XL:     14   Next: 34%
Magic:  15/15      EV:  2    Int: 17    God:    Ignis [......]
Gold:   725        SH:  0    Dex: 13    Spells: 5/15 levels left

rFire   + . .      SeeInvis .   g - +3 battleaxe (vamp)
rCold   + + .      Faith    .   (shield currently unavailable)
rNeg    + . .      Spirit   .   M - +1 scale mail {rC+}
rPois   .          Reflect  .   T - +2 helmet
rElec   .          Harm     .   w - +2 cloak {rC+}
rCorr   +          Rampage  .   (no gloves)
Will    +....                   (no boots)
Stlth   ..........              N - amulet of regeneration
HPRegen 5.30/turn               C - ring of resist corrosion
MPRegen 0.14/turn               A - ring of positive energy

@: sleeping
A: rugged brown scales 2, demonic guardian 2, powered by death 2, weakness
stinger 2
a: Renounce Religion


You were on level 6 of the Lair of Beasts.
You worshipped Ignis.
Ignis was noncommittal.
You visited 3 branches of the dungeon, and saw 18 of its levels.
You also visited: Ice Cave.

You collected 1643 gold pieces.
You spent 918 gold pieces at shops.

Inventory:

Hand Weapons
 g - a +3 vampiric battleaxe (weapon)
 i - a +3 spear
 u - a +2 battleaxe of freezing
Missiles
 c - 418 stones
 e - 9 javelins (quivered)
 l - 100 poisoned darts
 n - 2 throwing nets
Armour
 b - a +0 robe
 f - a +0 chain mail
 h - a +0 scale mail
 k - a +4 chain mail
 p - a +0 cloak
 v - a +0 helmet
 w - a +2 cloak of cold resistance (worn)
 I - a scarf of resistance
 M - a +1 scale mail of cold resistance (worn)
 O - +0 steam dragon scales
 Q - a +2 crystal plate armour of cold resistance
 T - a +2 helmet (worn)
Jewellery
 A - a ring of positive energy (right hand)
 C - a ring of resist corrosion (left hand)
 N - an amulet of regeneration (around neck)
 P - a +6 ring of intelligence
 R - an amulet of magic regeneration
 W - a ring of protection from fire
 Z - a +6 ring of strength
Wands
 o - a wand of paralysis (9)
 y - a wand of digging (5)
 D - a wand of acid (10)
 E - a wand of flame (42)
 K - a wand of iceblast (7)
 U - a wand of polymorph (7)
 Y - a wand of mindburst (31)
Scrolls
 m - 11 scrolls of teleportation
 q - a scroll of brand weapon
 s - 2 scrolls of fog
 t - 2 scrolls of silence
 x - 2 scrolls of magic mapping
 L - 3 scrolls of enchant armour
Potions
 d - 3 potions of haste
 j - 2 potions of attraction
 r - a potion of invisibility
 z - a potion of ambrosia
 B - 2 potions of mutation
 F - 6 potions of might
 G - a potion of flight {unknown}
 H - a potion of magic {unknown}
 J - 2 potions of brilliance {unknown}
 S - 2 potions of curing
 V - 2 potions of degeneration {unknown}


   Skills:
 - Level 13.0 Fighting
 + Level 16.6 Axes
 - Level 8.5 Armour
 - Level 8.5 Dodging
 - Level 1.0 Spellcasting
 - Level 2.6 Fire Magic


You had 5 spell levels left.
You knew the following spells:

 Your Spells              Type           Power      Damage    Failure   Level
a - Passwall              Tmut/Erth      0%         N/A       73%         2
b - Blink                 Tloc           0%         N/A       73%         2
c - Swiftness             Air            0%         N/A       91%         3
d - Ozocubu's Armour      Ice            0%         N/A       91%         3

Your spell library contained the following spells:

 Spells                   Type           Power      Damage    Failure   Level
 Scorch                   Fire           18%        2d5       36%         2
 Magic Dart               Conj           0%         1d3       58%         1
 Summon Small Mammal      Summ           0%         N/A       58%         1
 Call Imp                 Summ           0%         N/A       73%         2
 Corpse Rot               Necr/Air       0%         N/A       73%         2
 Ensorcelled Hibernation  Hex/Ice        0%         N/A       73%         2
 Call Canine Familiar     Summ           0%         N/A       91%         3
 Frozen Ramparts          Ice            0%         1d2       91%         3
 Lesser Beckoning         Tloc           0%         N/A       91%         3
 Mephitic Cloud           Conj/Pois/Air  0%         N/A       91%         3
 Portal Projectile        Hex/Tloc       0%         N/A       91%         3
 Summon Guardian Golem    Hex/Summ       0%         N/A       91%         3
 Dispel Undead            Necr           0%         3d6       100%        4
 Blade Hands              Tmut           0%         N/A       100%        5
 Excruciating Wounds      Necr           0%         N/A       100%        5
 Freezing Cloud           Conj/Ice/Air   0%         6-21      100%        5
 Manifold Assault         Tloc           0%         N/A       100%        5
 Death Channel            Necr           0%         N/A       100%        6
 Ozocubu's Refrigeration  Ice            0%         4d5       100%        7


Dungeon Overview and Level Annotations

Branches:
Dungeon (10/15)            Temple (0/1) D:4            Lair (6/6) D:10
  Swamp (0/4) Lair:2       Spider (0/4) Lair:4        Slime (0/5) Lair:6
    Orc (1/2) D:9           IceCv (visited)

Altars:
Fedhas
Yredelemnul
Beogh
Jiyva

Shops:
D:6 *   D:10 *

Annotations:
D:3 2 transporters, McGhostyFace's ghost, amateur GnFE
Lair:6 exclusion: 2 oklob plants


Innate Abilities, Weirdness & Mutations

You are mostly covered in rugged brown scales. (AC +2, +5% HP)
A demonic guardian rushes to your aid.
You regenerate health from kills.
You have a tail ending in a sharp stinger.


Message History

The dream sheep bites your ice devil but does no damage.
The dream sheep barely misses your ice devil.
Something bites your ice devil but does no damage.
Your ice devil hits the dream sheep!
Your ice devil freezes the dream sheep!
You regained 23 hp, and now have 38/123 hp.
You barely miss the black mamba.
Your tail-slap misses the black mamba.
The black mamba is heavily wounded.
You feel sick. The black mamba closely misses you.
The dream sheep bites your ice devil but does no damage.
The dream sheep bites your ice devil. The black mamba bites you.
* * * LOW HITPOINT WARNING * * *
You are more poisoned.
The black mamba poisons you!
You take 4 damage, and have 34/123 hp.
You barely miss the black mamba.
Your tail-slap misses the black mamba.
The black mamba is heavily wounded.
You feel very sick. The black mamba barely misses you.
Your ice devil hits the dream sheep!
The dream sheep dies!
The dream sheep bites your ice devil but does no damage.
You take 4 damage, and have 30/123 hp.
You closely miss the black mamba.
The black mamba is heavily wounded.
You feel very sick. The black mamba bites you!
* * * LOW HITPOINT WARNING * * *
You are more poisoned.
The black mamba poisons you!
Your ice devil hits the dream sheep!
Your ice devil freezes the dream sheep!
The dream sheep dies!
The black mamba bites you.
* * * LOW HITPOINT WARNING * * *
You take 21 damage, and have 9/123 hp.
You feel better. The black mamba bites you!
* * * LOW HITPOINT WARNING * * *
Something bites your ice devil!
The dream sheep shake their wool and sparkle.
You feel drowsy...
You fall asleep.
The black mamba bites you!!
You die...

*** **** *,**### #####
**,,*********,*#@######.#P##### #
*,,,,*,,**,#.##4#SY.##..P.....###
,,,,,,,,,,.....Y.lY..†...........
,,,,,,,,,,.......Y......#####.#.P
,,*,,,,,,...........P.### ##..#
,,,,,,,,,.......#...P.#,####*#P.P
,,*,,,,,,#.....#....P#......###.P
,**,,,,,,.......#..P.........##..
,**,,,,,,,.##..P.............##.P


You could see a komodo dragon, a black mamba (ally target), 2 yaks, 2 dream
sheep and a friendly ice devil (summoned).

Vanquished Creatures
  A reaper (IceCv)
  3 hydras
  A catoblepas (Lair:3)
  2 centaur warriors (D:8)
  2 tengu warriors (D:10)
  2 two-headed ogres
  A necromancer (Lair:5)
  9 elephants
  3 black mambas
  3 centaur zombies (D:10)
  An ice statue (IceCv)
  A torpor snail (Lair:6)
  11 cane toads
  A gargoyle (D:10)
  Maggie (Lair:1)
  A kobold demonologist (D:8)
  7 komodo dragons
  2 ice devils (IceCv)
  A troll (D:10)
  A hornet (Lair:6)
  A burning bush (Lair:1)
  Grinder (D:3)
  13 polar bears
  2 jumping spiders (Lair:4)
  2 dream sheep (Lair:6)
  Prince Ribbit (D:8)
  12 blink frogs
  2 redbacks (Lair:4)
  9 wyverns
  A wraith (D:10)
  30 yaks
  A dire elephant simulacrum (IceCv)
  10 basilisks
  3 wargs (Lair:6)
  A harpy simulacrum (IceCv)
  2 death yak simulacra (IceCv)
  2 acid dragons (D:9)
  25 water moccasins
  15 hell hounds (Lair:6)
  3 orc warriors
  2 sky beasts
  15 black bears
  An ice beast (D:6)
  An elephant zombie (Lair:5)
  A necrophage (D:6)
  2 ogres
  27 wolves
  A centaur (D:10)
  2 kobold brigands (D:9)
  2 komodo dragon zombies (Lair:5)
  13 bullfrogs
  3 scorpions
  6 two-headed ogre simulacra (IceCv)
  4 cane toad simulacra (IceCv)
  2 elephant simulacra (IceCv)
  6 wights
  6 electric eels
  4 howler monkeys
  3 hounds
  A jelly (D:4)
  3 orc priests
  A basilisk zombie (Lair:5)
  A bullfrog zombie (D:3)
  A bullfrog skeleton (D:6)
  Jessica (D:3)
  9 iguanas
  4 orc wizards
  4 spriggan simulacra (IceCv)
  5 troll simulacra (IceCv)
  4 polar bear simulacra (IceCv)
  A wolf simulacrum (IceCv)
  A howler monkey zombie (D:5)
  10 gnolls
  3 adders
  3 naga simulacra (IceCv)
  A shadow imp (D:6)
  5 white imps (IceCv)
  6 ufetubi
  2 worms
  2 dart slugs
  23 orcs
  6 ball pythons
  5 bats
  8 endoplasms
  2 goblins
  8 hobgoblins
  6 jackals (D:3)
  15 kobolds
  4 quokkas
  3 frilled lizards
  5 rats
444 creatures vanquished.

Vanquished Creatures (collateral kills)
  2 hydras
  A catoblepas (Lair:4)
  A cyclops (D:10)
  4 elephants (Lair:5)
  2 cane toads
  An anaconda simulacrum (IceCv)
  An entropy weaver simulacrum (IceCv)
  An ice devil (IceCv)
  A polar bear (Lair:4)
  A blink frog (Lair:1)
  2 dream sheep (Lair:6)
  A basilisk (Lair:3)
  3 wyverns
  A warg (Lair:6)
  A harpy simulacrum (IceCv)
  2 hell hounds (Lair:6)
  4 water moccasins
  A black bear (Lair:6)
  A swamp drake (Lair:2)
  8 wolves
  A centaur (D:9)
  5 wights (D:6)
  A centaur zombie (D:9)
  A gnoll shaman (D:8)
  A gnoll (D:8)
  An orc (D:6)
  A frilled lizard (D:2)
50 creatures vanquished.

Vanquished Creatures (others)
  2 bushes (D:10)
  140 foxfires
  25 fungi
  56 plants
223 creatures vanquished.

Grand Total: 717 creatures vanquished

Notes
Turn   | Place    | Note
-------+----------+-------------------------------------------
     0 | D:1      | jasper the Demonspawn Cinder Acolyte began the quest for
                  | the Orb.
     0 | D:1      | Reached XP level 1. HP: 18/18 MP: 2/2
   323 | D:1      | Reached skill level 3 in Axes
   626 | D:1      | Gained mutation: You are partially covered in rugged brown
                  | scales. (AC +1, +3% HP) [demonic ancestry]
   626 | D:1      | Reached XP level 2. HP: 13/24 MP: 3/3
  1021 | D:1      | Found a faded altar of an unknown god.
  1848 | D:2      | Gained mutation: A weak demonic guardian rushes to your
                  | aid. [demonic ancestry]
  1848 | D:2      | Reached XP level 3. HP: 29/29 MP: 4/4
  2298 | D:2      | Reached skill level 4 in Axes
  2658 | D:3      | Noticed Jessica
  2675 | D:3      | Killed Jessica
  2676 | D:3      | Reached XP level 4. HP: 26/36 MP: 5/5
  2981 | D:3      | Reached skill level 5 in Axes
  2981 | D:3      | Reached XP level 5. HP: 13/42 MP: 6/6
  3363 | D:3      | Noticed McGhostyFace's ghost (amateur GnFE)
  3407 | D:3      | Found a transporter.
  3413 | D:3      | Found a transporter.
  3481 | D:3      | Noticed Grinder
  3497 | D:3      | Killed Grinder
  3498 | D:3      | Reached skill level 6 in Axes
  3498 | D:3      | Reached XP level 6. HP: 23/48 MP: 7/7
  3928 | D:4      | Found a staircase to the Ecumenical Temple.
  4117 | D:4      | Reached skill level 7 in Axes
  4129 | D:4      | Noticed an orc warrior
  4141 | D:4      | Killed an orc warrior
  4142 | D:4      | Gained mutation: You have a small tail. [demonic ancestry]
  4142 | D:4      | Reached XP level 7. HP: 28/53 MP: 8/8
  4419 | D:4      | Reached skill level 8 in Axes
  4676 | D:5      | Entered Level 5 of the Dungeon
  5331 | D:5      | Reached skill level 9 in Axes
  5331 | D:5      | Gained mutation: A demonic guardian rushes to your aid.
                  | [demonic ancestry]
  5331 | D:5      | Reached XP level 8. HP: 55/59 MP: 9/9
  5889 | D:6      | HP: 1/55 [wight (13)]
  6222 | D:6      | Found a blossoming altar of Fedhas.
  6420 | D:6      | Reached skill level 10 in Axes
  6707 | D:6      | Found Juomomal's Assorted Antiques.
  6718 | D:6      | Bought a helmet for 112 gold pieces
  6718 | D:6      | Bought an orange potion for 22 gold pieces
  6718 | D:6      | Bought an orange potion for 22 gold pieces
  6718 | D:6      | Bought a scroll of identify for 50 gold pieces
  7427 | D:6      | Reached skill level 11 in Axes
  7566 | D:7      | Reached XP level 9. HP: 49/65 MP: 10/10
  7635 | D:7      | Reached skill level 5 in Fighting
  7717 | D:7      | Noticed a two-headed ogre
  7722 | D:7      | Killed a two-headed ogre
  8451 | D:8      | Noticed a centaur warrior
  8471 | D:8      | Killed a centaur warrior
  8897 | D:8      | Noticed a kobold demonologist
  8914 | D:8      | Killed a kobold demonologist
  8915 | D:8      | Gained mutation: You regenerate a little health from kills.
                  | [demonic ancestry]
  8915 | D:8      | Reached XP level 10. HP: 76/83 MP: 11/11
  9002 | D:8      | Noticed Prince Ribbit
  9010 | D:8      | Killed Prince Ribbit
  9338 | D:8      | Noticed a centaur warrior
  9352 | D:8      | Killed a centaur warrior
  9353 | D:8      | Reached skill level 10 in Fighting
  9468 | D:8      | Noticed a six-headed hydra
  9878 | D:9      | Found a staircase to the Orcish Mines.
 10236 | D:10     | Entered Level 10 of the Dungeon
 10540 | D:10     | Found Iplu's Island Escapes.
 10564 | D:10     | Noticed a gargoyle
 10568 | D:10     | Noticed a tengu warrior
 10572 | D:10     | Killed a gargoyle
 10572 | D:10     | Noticed a tengu warrior
 10580 | D:10     | Killed a tengu warrior
 10588 | D:10     | Killed a tengu warrior
 10589 | D:10     | Gained mutation: You are mostly covered in rugged brown
                  | scales. (AC +2, +5% HP) [demonic ancestry]
 10589 | D:10     | Reached XP level 11. HP: 78/101 MP: 12/12
 11011 | D:10     | Found a basalt altar of Yredelemnul.
 11059 | D:10     | Found a staircase to the Lair.
 11186 | D:10     | You fall into a shaft and drop 1 floor!
 11186 | D:11     | Noticed a six-headed hydra
 11229 | D:10     | Reached skill level 12 in Axes
 11230 | D:10     | Noticed a two-headed ogre
 11245 | D:10     | Killed a two-headed ogre
 11532 | D:10     | Identified a scroll of acquirement
 11532 | D:10     | Acquired 453 gold pieces
 11624 | D:6      | Bought a runed scarf for 200 gold pieces
 11624 | D:6      | Bought 3 scrolls of teleportation for 225 gold pieces
 11624 | D:6      | Bought a long glass wand for 100 gold pieces
 11624 | D:6      | Bought a scroll of enchant armour for 187 gold pieces
 11697 | D:8      | Learned a level 2 spell: Passwall
 11700 | D:8      | Learned a level 2 spell: Blink
 11801 | Orc:1    | Entered Level 1 of the Orcish Mines
 11841 | Orc:1    | Noticed an ettin
 12184 | Lair:1   | Entered Level 1 of the Lair of Beasts
 12224 | Lair:1   | Noticed Maggie
 12234 | Lair:1   | Killed Maggie
 12306 | Lair:1   | Found a frozen archway.
 12319 | Lair:1   | Reached skill level 13 in Axes
 12362 | IceCv    | Entered an ice cave
 13426 | IceCv    | Reached skill level 14 in Axes
 13426 | IceCv    | Gained mutation: You regenerate health from kills. [demonic
                  | ancestry]
 13426 | IceCv    | Reached XP level 12. HP: 33/110 MP: 13/13
 13491 | IceCv    | Noticed a reaper
 13512 | IceCv    | Killed a reaper
 13513 | IceCv    | Reached skill level 1 in Armour
 13513 | IceCv    | Reached skill level 1 in Dodging
 13612 | IceCv    | Got the Disquisition on the Frostbite
 13884 | Lair:1   | Learned a level 3 spell: Swiftness
 14867 | Lair:2   | Reached skill level 5 in Armour
 14867 | Lair:2   | Reached skill level 5 in Dodging
 15193 | Lair:2   | Found a staircase to the Swamp.
 15749 | Lair:3   | Noticed a catoblepas
 15776 | Lair:3   | Killed a catoblepas
 15964 | Lair:3   | Noticed a four-headed hydra
 15978 | Lair:3   | Killed a four-headed hydra
 15979 | Lair:3   | Reached XP level 13. HP: 61/116 MP: 14/14
 16174 | Lair:3   | Learned a level 3 spell: Ozocubu's Armour
 16743 | Lair:4   | Found a hole to the Spider Nest.
 16907 | Lair:4   | You fall into a shaft and drop 2 floors!
 16907 | Lair:6   | Entered Level 6 of the Lair of Beasts
 18345 | Lair:5   | Reached skill level 15 in Axes
 19008 | Lair:6   | Gained mutation: You have a tail ending in a sharp stinger.
                  | [demonic ancestry]
 19008 | Lair:6   | Reached XP level 14. HP: 99/123 MP: 15/15
 19207 | Lair:6   | Reached skill level 16 in Axes
 19527 | Lair:6   | Found a viscous altar of Jiyva.
 19528 | Lair:6   | Found a staircase to the Slime Pits.
 19631 | Lair:6   | Paralysed by a hornet for 3 turns
 19665 | Lair:6   | Demolished by a black mamba

Illustrated notes

Levels and vault maps discovered:
D:1:      dpeg_arrival_oval, layout_rooms, shapermc_ecumenical_altar_ellora
D:2:      minmay_angry_zag, layout_loops_ring
D:3:      layout_loops_ring, gammafunk_ghost_mausoleum, kennysheep_minor_cross,
          uniq_jessica, uniq_grinder
D:4:      layout_rooms, minmay_temple_entry_mini_moons
D:5:      layout_basic
D:6:      layout_basic, mainiacjoe_overflow_brackets, serial_shops, shop
D:7:      layout_cave_pools, serial_co_window_serial, co_window_cross_1,
          co_window_cross_1, co_window_paths_a, co_window_of_opportunity_a,
          co_window_paths_a, co_window_corner_a, co_window_broadway_b,
          co_window_broadway_b, co_window_of_opportunity_b,
          co_window_of_opportunity_c, glass_columns_b, glass_columns_b,
          glass_columns_b, glass_columns_b, glass_columns_a
D:8:      minmay_tri_box, layout_loops_ring, serial_bayou_lagoon_a,
          kennysheep_cross_bottleneck, uniq_psyche, uniq_prince_ribbit1,
          uniq_joseph
D:9:      layout_basic, minmay_orc_entry_temple_small
D:10:     minmay_curly_fans, layout_loops_ring, kennysheep_little_box,
          minmay_lair_entry_grove, nicolae_island_escapes
D:11:     layout_roguey, uniq_grum
Lair:1:   layout_regular_city, portal_ice_cave_entry_pillars_1, evilmike_ambush
          [evilmike_ambush_outer_basic, evilmike_ambush_inner_basic],
          grunt_megastairs_1, lemuel_fruit_fields, infiniplex_staircase_pool,
          uniq_maggie
Lair:2:   layout_misc_corridors, minmay_swamp_entry_reptiles, grunt_megastairs_3
Lair:3:   layout_long_grid, kennysheep_basilisk_garden
Lair:4:   layout_cave_pods, spider_nest_entry_a, st_stairs_9,
          serial_bayou_ford_a, beast_lair_carwin_8
Lair:5:   pond_and_an_island_with_a_cottage, layout_regular_city
Lair:6:   hangedman_lair_caniforms_friends, layout_regular_city,
          hangedman_lair_tendril_chambers, slime_altar_1, dpeg_oklob_1
Orc:1:    layout_caves, nooodl_orcs_dogs

Skill      XL: |  1  2  3  4  5  6  7  8  9 10 11 12 13 14 |
---------------+-------------------------------------------+-----
Axes           | 3 4 5 6 7 9 11 14 15 16 | 16.6
Fighting       | 9 12 13 | 13.0
Armour         | 6 8 |  8.5
Dodging        | 6 8 |  8.5
Spellcasting   | |  1.0
Fire Magic     | |  2.6

Action                   |  1- 3 |  4- 6 |  7- 9 | 10-12 | 13-15 || total
-------------------------+-------+-------+-------+-------+-------++-------
Melee: Hand axe          |   136 |    97 |   153 |       |       ||   386
       Tailslap          |       |       |    43 |    95 |   105 ||   243
       Battleaxe         |       |       |   110 |   730 |   636 ||  1476
       Spear             |       |       |       |    13 |    41 ||    54
Throw: Stone             |    17 |       |       |       |       ||    17
       Dart              |       |    10 |       |     1 |       ||    11
       Throwing net      |       |       |       |     1 |       ||     1
Invok: Foxfire Swarm     |       |     4 |     5 |       |       ||     9
       Rising Flame      |       |       |       |     1 |       ||     1
Evoke: Wand              |       |       |       |     1 |     8 ||     9
  Use: Scroll            |     3 |     1 |    10 |     8 |     3 ||    25
       Potion            |       |       |     2 |    10 |     3 ||    15
 Stab: Distracted        |       |       |     1 |     1 |     2 ||     4
       Petrified         |       |       |       |     4 |       ||     4
       Invisible         |       |       |       |     2 |       ||     2
       Petrifying        |       |       |       |     1 |       ||     1
Armor: Robe              |    15 |       |       |       |       ||    15
       Chain mail        |    36 |    19 |   195 |   320 |       ||   570
       Scale mail        |       |    29 |       |   232 |   620 ||   881
       Skin              |       |       |       |    15 |       ||    15
Dodge: Dodged            |    51 |    50 |    83 |   335 |   656 ||  1175

Table legend: (Time is in decaauts)
 A = Elapsed time spent in this place.
 B = Non-inter-level travel time spent in this place.
 C = Inter-level travel time spent in this place.
 D = Time resting spent in this place.
 E = Time spent auto-exploring this place.
 F = Levels seen in this place.
 G = Mean time per level.
                   A        B        C        D        E       F      G
               +--------+--------+--------+--------+--------+-----+--------+
         Total |  19719 |  18997 |    722 |   4256 |  10375 |  19 | 1037.8 |
       Dungeon |  12194 |  11632 |    562 |   2883 |   6732 |  11 | 1108.5 |
          Lair |   6129 |   5969 |    160 |    832 |   3253 |   6 | 1021.5 |
  Orcish Mines |     59 |     59 |      0 |      0 |     25 |   1 |   59.0 |
      Ice Cave |   1335 |   1335 |      0 |    541 |    365 |   1 | 1335.0 |
               +--------+--------+--------+--------+--------+-----+--------+

Top non-repeatable levels by time:
     D:6: 1932 daAuts
     D:1: 1516 daAuts
    D:10: 1390 daAuts
   IceCv: 1335 daAuts
     D:3: 1274 daAuts
  Lair:4: 1264 daAuts
     D:7: 1207 daAuts
     D:2: 1161 daAuts
     D:9: 1116 daAuts
  Lair:5: 1021 daAuts
  Lair:1: 1019 daAuts
  Lair:3: 994 daAuts
     D:5: 956 daAuts
  Lair:6: 923 daAuts
  Lair:2: 906 daAuts
